 Dungeon Crawl Stone Soup version 0.27.0-1-g7a089689b8 (webtiles) character file.

Game seed: 4941376166388524201

74 Spectrina the Ducker (level 4, -2/27 HPs)
             Began as a Deep Elf Monk on Aug 8, 2021.
             Slain by an adder (4 damage)
             ... on level 5 of the Dungeon.
             The game lasted 00:06:21 (672 turns).

Spectrina the Ducker (Deep Elf Monk)                 Turns: 672, Time: 00:06:22

Health: -2/27      AC:  2    Str:  5 (8)  XL:     4   Next: 9%
Magic:  11/11      EV: 13    Int: 16      God:
Gold:   71         SH:  0    Dex: 14 (17) Spells: 9/9 levels left

rFire    . . .     SeeInvis .   a - +0 short sword
rCold    . . .     Faith    .   (no shield)
rNeg     . . .     Spirit   .   e - +0 robe
rPois    .         Reflect  .   (no helmet)
rElec    .         Harm     .   (no cloak)
rCorr    .         Rampage  .   (no gloves)
Will     .....                  (no boots)
Stlth    ++........             (no amulet)
HPRegen  0.09/turn              (no ring)
MPRegen  0.12/turn              (no ring)

@: lethally poisoned (-2 -> -8)
A: no striking features
a: no special abilities


You were on level 5 of the Dungeon.
You visited 1 branch of the dungeon, and saw 5 of its levels.

You collected 71 gold pieces.

Inventory:

Hand Weapons
 a - a +0 short sword (weapon)
 b - a +0 hunting sling
 h - a +0 dagger
Missiles
 c - 7 boomerangs
 f - 50 stones (quivered)
 k - 13 sling bullets
 m - 17 bolts
 n - 38 arrows
Armour
 e - a +0 robe (worn)
Scrolls
 g - a scroll of vulnerability {unknown}
 i - a scroll of enchant armour {unknown}
 l - a scroll of identify {unknown}
 o - a scroll of enchant weapon {unknown}
Potions
 j - 2 potions of degeneration


   Skills:
 - Level 2.4 Fighting
 - Level 3.0 Short Blades
 - Level 3.6 Dodging
 - Level 2.4 Stealth
 + Level 3.4 Spellcasting
 + Level 2.8 Invocations


You had 9 spell levels left.
You didn't know any spells.
Your spell library was empty.

Dungeon Overview and Level Annotations

Branches:
Dungeon (5/15)
 Temple: D:4-7

Altars:

Annotations:
D:4 Sigmund
D:5 Blork the orc, Menkaure


Message History

You are confused.
You feel invigorated.
You feel sick. The adder barely misses you. The adder closely misses you.
Unknown command.
You miss the adder.
You feel sick. The adder barely misses you.
You bump into the rock wall.
You feel sick. The adder barely misses you.
You bump into the rock wall.
You feel sick. The adder bites you.
You are more poisoned.
The adder poisons you!
You hit the adder.
The adder is moderately wounded.
You feel less invigorated.
You feel less confused.
You feel sick. The adder bites you. x2
You are more poisoned.
The adder poisons you!
You hit the adder but do no damage.
The adder is moderately wounded.
You feel sick. The adder closely misses you.
You miss the adder.
The adder is moderately wounded.
You feel sick. The adder misses you.
You closely miss the adder.
The adder is moderately wounded.
You feel sick. The adder bites you but does no damage.
You closely miss the adder.
The adder is moderately wounded.
You feel sick. The adder barely misses you. The adder bites you.
* * * LOW HITPOINT WARNING * * *
You are lethally poisoned!
The adder poisons you!
You hit the adder.
The adder is heavily wounded.
* * * LOW HITPOINT WARNING * * *
You feel sick. The adder barely misses you.
You miss the adder.
The adder is heavily wounded.
* * * LOW HITPOINT WARNING * * *
You feel sick. The adder bites you.
You die...

#.....#
#######.##..#
#............
#.#########..
####.# #.. ##
#....# #..
..!####### #.##.#
#..
...PP...P###.##.#
#..
...)≈≈.P.S@...#.#
#..
...≈≈♣P..######.#
#.. .≈≈≈P..P.#
..# #..
≈≈≈≈≈...P# #.#
#.# ≈≈≈≈≈≈..P. ..
... ≈≈≈≈≈≈≈≈...
.....
≈≈≈≈≈≈≈≈...#
.......
≈≈≈≈≈≈≈..#<.
g......
≈≈≈≈≈P...###.
.......


You could see an adder.

Vanquished Creatures
  A hound (D:5)
  An iguana (D:4)
  2 adder skeletons (D:4)
  An orc (D:5)
  A hobgoblin (D:2)
  A quokka (D:1)
  A goblin (D:3)
  3 kobolds
  3 rats
14 creatures vanquished.

Notes
Turn   | Place    | Note
-------+----------+-------------------------------------------
     0 | D:1      | Spectrina the Deep Elf Monk began the quest for the Orb.
     0 | D:1      | Reached XP level 1. HP: 13/13 MP: 3/3
   128 | D:2      | Reached skill level 1 in Spellcasting
   173 | D:2      | Reached skill level 1 in Invocations
   266 | D:3      | Reached XP level 2. HP: 18/18 MP: 4/6
   414 | D:4      | Reached XP level 3. HP: 2/22 MP: 7/9
   451 | D:4      | Noticed Sigmund
   496 | D:5      | Entered Level 5 of the Dungeon
   496 | D:5      | Noticed Menkaure
   514 | D:5      | Noticed Blork the orc
   578 | D:5      | Reached XP level 4. HP: 9/27 MP: 11/11
   672 | D:5      | Slain by an adder

Illustrated notes

Levels and vault maps discovered:
D:1:      lemuel_arrival_tunnels, layout_basic, ebering_ecumenical_altar_mist,
          minmay_misc_feat_enclosed, minivault_19, corexii_corridor_pit,
          minmay_quantized
D:2:      layout_basic, basic_altar, minmay_joined_circles,
          uniq_crazy_yiuf_cottage
D:3:      layout_basic, nicolae_vehumet_radiance,
          nicolae_gozag_cash_rules_everything_around_me
D:4:      layout_loops_ring, nicolae_ashenzari_skybound,
          minmay_temple_entry_hall, uniq_sigmund
D:5:      layout_basic, mainiacjoe_overflow_six_doors_small, lemuel_tele_altar,
          guppyfry_early_lair_pool, uniq_menkaure, uniq_blork_the_orc,
          uniq_edmund

Skill      XL: |  1  2  3 |
---------------+----------+-----
Spellcasting   | 1 2 3 |  3.4
Invocations    | 1 2 |  2.8
Fighting       | |  2.4
Short Blades   | |  3.0
Dodging        | |  3.6
Stealth        | |  2.4

Action                   |  1- 3 |  4- 6 || total
-------------------------+-------+-------++-------
Melee: Short sword       |    38 |    13 ||    51
       Dagger            |     1 |       ||     1
 Fire: Hunting sling     |    27 |       ||    27
  Use: Potion            |     3 |     1 ||     4
 Stab: Sleeping          |     2 |       ||     2
Armor: Robe              |     2 |     1 ||     3
Dodge: Dodged            |    36 |    13 ||    49
